Quirre, neutral female human Tourist -...-- --..... |.....- --..--- |.-- |... |%--- ---*@) |..<----%%..). --......[)..*. -------%.##-- -- Quirre the Sightseer Experience level: 5 Strength: 14 Dexterity: 13 Constitution: 14 Intelligence: 12 Wisdom: 11 Charisma: 14 Health: 0(35) Energy: 22(22) Def: 8 Gold: 1046 Moves: 3732 Dungeon seed: GCoATkcBzcdh5OVc Game ID: Quirre_1543930984 Your Inventory: Coins $ - 1046 gold pieces Weapons a - 40 uncursed +2 darts (in quiver) g - an uncursed +0 scimitar o - 14 uncursed +0 orcish arrows t - a blessed +3 orcish dagger u - a blessed +7 flail named Flail of Yendor (weapon in hand) E - 2 uncursed +0 daggers O - 11 cursed -1 darts P - 8 uncursed +0 darts Q - an uncursed +0 arrow T - a cursed -4 orcish dagger U - an uncursed +0 scimitar V - a blessed +1 orcish dagger X - a blessed +1 scimitar Z - an uncursed +0 orcish dagger Armor e - a blessed +0 Hawaiian shirt (being worn) h - an uncursed +0 orcish helm r - an uncursed +0 orcish helm x - an uncursed +0 orcish helm y - an uncursed +2 chain mail (being worn) z - an uncursed +0 orcish helm H - an uncursed +0 dwarvish cloak (being worn) N - a blessed +0 orcish helm (being worn) Comestibles b - 6 uncursed food rations d - an uncursed lembas wafer f - 2 uncursed tins of newt meat v - an uncursed sprig of wolfsbane w - 2 uncursed eggs Scrolls j - 4 uncursed scrolls of magic mapping p - an uncursed scroll of teleportation s - an uncursed scroll of identify B - an uncursed scroll of remove curse D - 2 uncursed scrolls of scare monster L - an uncursed scroll of confuse monster Spellbooks I - an uncursed spellbook of healing Potions i - 2 uncursed potions of extra healing K - an uncursed potion of acid M - a potion of unholy water Rings W - a cursed ring of invisibility Y - an uncursed -7 ring of protection Wands m - an uncursed wand of secret door detection (0:11) Tools k - an uncursed expensive camera (0:83) l - an uncursed credit card n - an uncursed towel J - an uncursed leash Gems q - an uncursed worthless piece of yellowish brown glass Spells and supernatural/magical abilities: Name Level Category Fail Memory W - pray for help -- divine ? -- Your skills at the end: Miscellaneous Skills wands [Basic] Weapon Skills flail [Basic] dart [Basic] Spellcasting Skills Final Attributes: You were devoutly aligned. You were telepathic. You are dead. Vanquished creatures: a fog cloud a gnome lord an elf zombie 2 puppies a floating eye 4 dwarves 2 iguanas 7 hill orcs 2 rothes a jitterbug 2 dwarf zombies 4 coyotes 2 hobbits an acid blob a gecko a cave spider 6 gnomes 6 jackals a fox 6 newts 2 goblins 8 grid bugs 4 lichens 66 creatures vanquished. Voluntary challenges: You did not cause conflict. You were not invisible. You did not have reflection. You were not displaced. You used a wielded weapon 29 times, starting on turn 1913. You did not apply a unicorn horn. You did not use plumbed fixtures. You were illiterate. You never genocided any monsters. You never polymorphed an object. You never changed form. You used no wishes. You never split a pudding. You never wrote Elbereth's name. You never violated your personal moral code. Dungeon overview: The Dungeons of Doom: levels 1 to 5 Level 1 a long staircase Level 2 portal to Advent Calendar Level 3 a general store, an altar to Offler, a fountain stairs to The Gnomish Mines Level 4 a fountain Level 5 The Gnomish Mines: Level 4 <- You were here stairs to The Dungeons of Doom Advent Calendar: Level 5 many trees portal to The Dungeons of Doom History has recorded: On T:1 you entered the Dungeons of Doom to retrieve the Amulet of Yendor! On T:564 you reached level 2 of The Dungeons of Doom. On T:635 you reached level 1 of Advent Calendar. On T:998 you advanced to experience level 2. On T:1267 you reached level 3 of The Dungeons of Doom. On T:1307 you advanced to experience level 3. On T:1772 you reached level 4 of The Dungeons of Doom. On T:2451 you advanced to experience level 4. On T:2462 you reached level 5 of The Dungeons of Doom. On T:2958 you advanced to experience level 5. On T:3610 you reached level 1 of The Gnomish Mines. Score breakdown: Gold: 746 ( 74 points) Experience: 5 levels ( 400 points) Exploration: 5 levels ( 120 points) Discoveries: 19 items ( 950 points) Variety of kills: 23 monsters ( 1150 points) Major goal: (nothing yet) ( 0 points) Survival: died (score multiplied by 3) Total score: 8082 Latest messages: The pony picks up an arrow. You have a little trouble lifting P - a dart. The pony drops an arrow. The gnome lord picks up an arrow. You hit the gnome lord! The gnome lord punches you! You kill the gnome lord! There are a few objects here. You have a little trouble lifting Q - an arrow. You have a little trouble lifting P - 7 darts. You hear a nearby zap. The magic missile hits you! The magic missile hits the pony! The magic missile bounces! The hobbit thrusts her dagger at you. The hobbit stabs you! There are several objects here. The dart hits it. You kill it! You hear a nearby zap. The magic missile hits you! You die... Final status: Aloha Quirre the Tourist, killed by a magic missile... You died in The Gnomish Mines on dungeon level 4 with 8082 points, and 1046 pieces of gold, after 3732 moves. You were level 5 with a maximum of 35 hit points when you died.